 Dungeon Crawl Stone Soup version 0.25-a0-661-g55ea3d2053 (webtiles) character file.

Game seed: 12490316128617100757, levelgen mode: deterministic

189 An17 the Gusty (level 5, -1/40 HPs)
             Began as a Demigod Air Elementalist on Mar 23, 2020.
             Slain by Crazy Yiuf
             ... wielding a +2 quarterstaff of chaos
              (15 damage)
             ... on level 4 of the Dungeon.
             The game lasted 00:09:07 (2655 turns).

An17 the Gusty (Demigod Air Elementalist)           Turns: 2655, Time: 00:09:07

Health: -1/40      AC:  3    Str: 22    XL:     5   Next: 17%
Magic:  0/11       EV: 13    Int: 21    God:
Gold:   123        SH:  0    Dex: 16    Spells: 3/9 levels left

rFire    . . .     SeeInvis .   d - +0 short sword
rCold    . . .     Gourm    .   (no shield)
rNeg     . . .     Faith    .   a - +0 robe
rPois    .         Spirit   +   (no helmet)
rElec    .         Reflect  .   l - scarf {Spirit}
rCorr    .         Harm     .   b - +0 pair of gloves
MR       .....                  (no boots)
Stlth    ++........             (no amulet)
HPRegen  0.13/turn              e - +5 ring of strength
MPRegen  0.12/turn              i - +6 ring of strength

@: no status effects
A: high mp 1
a: no special abilities


You were on level 4 of the Dungeon.
You were not hungry.

You visited 1 branch of the dungeon, and saw 4 of its levels.

You collected 123 gold pieces.

Inventory:

Hand Weapons
 d - a +0 short sword (weapon)
Armour
 a - a +0 robe (worn)
 b - a +0 pair of gloves (worn)
 j - a +0 scale mail
 l - a scarf of spirit shield (worn)
 m - a +0 plate armour
Jewellery
 e - a +5 ring of strength (left hand)
 i - a +6 ring of strength (right hand)
Potions
 f - 2 potions of lignification
 g - 2 potions of might
 h - a potion of degeneration {unknown}
 k - a potion of stabbing
 o - a potion of curing {unknown}
Comestibles
 c - 5 rations


   Skills:
 + Level 1.1 Fighting
 + Level 1.1 Short Blades
 + Level 2.7 Dodging
 - Level 2.0 Stealth
 + Level 2.6 Spellcasting
 + Level 1.8 Conjurations
 + Level 3.6 Air Magic


You had 3 spell levels left.
You knew the following spells:

 Your Spells              Type           Power        Failure   Level  Hunger
a - Shock                 Conj/Air       ##..         4%          1    None
b - Swiftness             Chrm/Air       ##......     10%         2    ##.....
c - Static Discharge      Conj/Air       ##......     13%         3    ###....

Your spell library contained the following spells:

 Spells                   Type           Power        Failure   Level  Hunger
 Airstrike                Air            ###.......   30%         4    ####...
 Lightning Bolt           Conj/Air       ##........   77%         5    ######.


Dungeon Overview and Level Annotations

Branches:
Dungeon (4/15)
 Temple: D:4-7

Shops:
D:4 :%(

Annotations:
D:4 Crazy Yiuf


Innate Abilities, Weirdness & Mutations

You have an increased reservoir of magic. (+10% MP)


Message History

Crazy Yiuf is heavily wounded.
You are struck by an arc of lightning.
The lightning grounds out.
Casting: Static Discharge (safe; 13% risk of failure)
Confirm with . or Enter, or press ? or * to list all spells.
Crazy Yiuf is struck by an arc of lightning.
Crazy Yiuf is severely wounded.
You are struck by an arc of lightning.
The lightning grounds out.
Crazy Yiuf hits you with a +2 quarterstaff of chaos.
You feel your power leaking away.
You barely miss Crazy Yiuf.
Crazy Yiuf is severely wounded.
Crazy Yiuf hits you but does no damage.
Casting: Static Discharge (safe; 13% risk of failure)
Confirm with . or Enter, or press ? or * to list all spells.
Aiming: Shock (safe; 4% risk of failure)
Press: ? - help, Shift-Dir - straight line, p - Crazy Yiuf The zap hits Crazy Yiuf.
Crazy Yiuf is almost dead.
Crazy Yiuf hits you with a +2 quarterstaff of chaos!
You die...

....##.#..#...#.#
#.....####.# #.....'....#
######.....###.##
.............#.#
.............#.##♣♣♣♣♣
.............##....♣.♣♣♣ ###
....................♣..♣#...#
..........###...@g.♣♣♣♣.'...#
..........# ##....♣♣ ♣♣#..)#
..........# ####♣♣ ###
########+##


You could see Crazy Yiuf.

Vanquished Creatures
  A scorpion (D:4)
  Terence (D:3)
  A worker ant (D:4)
  4 adders
  A worm (D:3)
  3 dart slugs
  3 orcs (D:3)
  5 giant cockroaches
  3 goblins
  5 hobgoblins
  3 kobolds
  A quokka (D:2)
  7 bats
  5 frilled lizards
  9 rats
52 creatures vanquished.

Notes
Turn   | Place    | Note
-------+----------+-------------------------------------------
     0 | D:1      | An17 the Demigod Air Elementalist began the quest for the
                  | Orb.
     0 | D:1      | Reached XP level 1. HP: 14/14 MP: 5/5
   304 | D:1      | Reached skill level 3 in Air Magic
   354 | D:1      | Reached XP level 2. HP: 20/20 MP: 4/7
   358 | D:1      | Learned a level 2 spell: Swiftness
   790 | D:1      | Reached skill level 1 in Conjurations
   911 | D:2      | Reached XP level 3. HP: 26/26 MP: 2/8
   916 | D:2      | Learned a level 3 spell: Static Discharge
  1582 | D:3      | Noticed Terence
  1591 | D:3      | Killed Terence
  1591 | D:3      | Reached XP level 4. HP: 19/34 MP: 0/9
  1909 | D:3      | Found a sacrificial altar of Ru.
  2093 | D:3      | Reached skill level 1 in Fighting
  2440 | D:4      | Found Inuck's Book Shop.
  2477 | D:4      | Found Heyfotzo's Food Emporium.
  2522 | D:4      | Found Qefasy's Weapon Emporium.
  2543 | D:4      | Reached skill level 1 in Short Blades
  2543 | D:4      | Reached XP level 5. HP: 15/40 MP: 1/11
  2638 | D:4      | Found a runed translucent door.
  2639 | D:4      | Noticed Crazy Yiuf
  2655 | D:4      | Slain by Crazy Yiuf

Levels and vault maps discovered:
D:1:      mrwooster_arrival_statue_2, layout_loops_corners
D:2:      layout_loops_ring
D:3:      layout_basic, nicolae_ru_sacrificial_ziggurat, uniq_terence
D:4:      layout_basic, serial_shops, nicolae_shop_stone, shop,
          nicolae_shop_statue_plus, nicolae_shop_crystal, kennysheep_mini,
          minmay_box_of_dots, uniq_crazy_yiuf_cottage, uniq_robin

Skill      XL: |  1  2  3  4 |
---------------+-------------+-----
Dodging        | 2 |  2.7
Air Magic      | 3 |  3.6
Spellcasting   | 2 |  2.6
Conjurations   | 1 |  1.8
Fighting       | 1 |  1.1
Stealth        | 2 |  2.0
Short Blades   | 1 |  1.1

Action                   |  1- 3 |  4- 6 || total
-------------------------+-------+-------++-------
Melee: Short sword       |    21 |    23 ||    44
 Cast: Shock             |    59 |    39 ||    98
       Static Discharge  |       |     2 ||     2
  Use: Scroll            |     4 |     5 ||     9
 Stab: Sleeping          |       |     1 ||     1
  Eat: Ration            |     1 |     1 ||     2
Armor: Robe              |     5 |     7 ||    12
Dodge: Dodged            |    25 |    18 ||    43

Table legend:
 A = Non-vault XP
 B = Vault XP
 C = Vault XP percentage of total XP
 D = Non-vault monster count
 E = Vault monster count
 F = Vault count percentage of total count
                 A         B        C        D         E       F
            +---------+---------+-------+---------+---------+-------
      Total |     235 |      36 |  13.3 |      51 |       1 |   1.9
            +---------+---------+-------+---------+---------+-------
        D:1 |      34 |       0 |   0.0 |      19 |       0 |   0.0
        D:2 |      47 |       0 |   0.0 |      14 |       0 |   0.0
        D:3 |      54 |      36 |  40.0 |      15 |       1 |   6.2
        D:4 |     100 |       0 |   0.0 |       3 |       0 |   0.0
            +---------+---------+-------+---------+---------+-------
